 Dungeon Crawl Stone Soup version 0.21.0-37-g46506fa (webtiles) character file.

102 komo4ek the Caller (level 4, -1/30 HPs)
             Began as a Barachi Summoner on Jan 31, 2018.
             Killed from afar by an orc wizard (5 damage)
             ... with a magic dart
             ... on level 3 of the Dungeon.
             The game lasted 00:09:39 (2872 turns).

komo4ek the Caller (Barachi Summoner)               Turns: 2872, Time: 00:09:41

Health: -1/30      AC:  5    Str:  9    XL:     4   Next: 77%
Magic:  4/7        EV: 12    Int: 16    God:
Gold:   148        SH:  0    Dex: 13    Spells: 3/7 levels left

rFire    . . .     SeeInvis .   o - +0 halberd
rCold    . . .     Gourm    .   (shield currently unavailable)
rNeg     . . .     Faith    .   a - +0 robe
rPois    .         Spirit   .   r - +0 helmet
rElec    .         Reflect  .   s - +1 cloak {+Inv}
rCorr    .         Harm     .   (no gloves)
MR       .....                  (no boots)
Stlth    ++........             (no amulet)
HPRegen  0.10/turn              (no ring)
MPRegen  0.10/turn              (no ring)

@: invisible, slow
A: +LOS, swims, slowness 1, strong legs 1
a: Hop


You were on level 3 of the Dungeon.
You were not hungry.

You visited 1 branch of the dungeon, and saw 3 of its levels.

You collected 148 gold pieces.

Inventory:

Hand Weapons
 o - a +0 halberd (weapon)
Missiles
 e - 19 bolts
 f - 101 stones (quivered)
 i - 61 arrows
 j - 33 sling bullets
Armour
 a - a +0 robe (worn)
 r - a +0 helmet (worn)
 s - a +1 cloak of invisibility (worn)
Wands
 t - a wand of random effects (25)
Scrolls
 g - 2 scrolls of fog {unknown}
 h - 2 scrolls of magic mapping {unknown}
 k - a scroll of fear {unknown}
 l - 4 scrolls of identify {unknown}
 n - a scroll of teleportation {unknown}
 q - 2 scrolls of remove curse {unknown}
 u - a scroll of random uselessness {unknown}
Potions
 d - a potion of heal wounds {unknown}
 m - a potion of invisibility
 v - a potion of mutation {unknown}
Books
 b - a book of Callings

   Spells                             Type                      Level
   a - Summon Small Mammal            Summoning                    1
   b - Call Imp                       Summoning                    2
   c - Call Canine Familiar           Summoning                    3
   d - Summon Guardian Golem          Hexes/Summoning              3
   e - Summon Lightning Spire         Summoning/Air                4
   f - Summon Ice Beast               Ice/Summoning                4
Comestibles
 c - 7 rations
 p - 2 chunks of flesh


   Skills:
 - Level 2.1 Dodging
 - Level 1.7 Stealth
 - Level 2.1 Spellcasting
 + Level 7.2 Summonings


You had 3 spell levels left.
You knew the following spells:

 Your Spells              Type           Power        Failure   Level  Hunger
a - Summon Small Mammal   Summ           ###.         1%          1    #......
b - Call Canine Familiar  Summ           ###.....     3%          3    ###....


Dungeon Overview and Level Annotations

Branches:
Dungeon (3/15)

Altars:
Uskayaw
Vehumet


Innate Abilities, Weirdness & Mutations

Shadows flee at your approach. (+LOS)
You can swim through water.
You cover ground slowly.
You can hop short distances.


Message History

The magic dart hits you! The orc wizard barely misses you.
Your hound barely misses the orc wizard.
Unknown command.
Your hound closely misses the orc wizard.
The orc wizard hits you with a dagger.
* * * LOW HITPOINT WARNING * * *
You are too injured to fight recklessly!
You miss the orc wizard.
The orc wizard is heavily wounded.
Your hound bites the orc wizard but does no damage.
The orc wizard barely misses you.
Your hound barely misses the orc wizard.
The orc wizard hits you with a dagger.
* * * LOW HITPOINT WARNING * * *
It was a potion of invisibility.
You fade into invisibility!
Your hound bites the orc wizard but does no damage.
The orc wizard points at you and mumbles some strange words.
The magic dart hits you!
You die...

.....# #.....# #.w..
#.....# ....# #.....##
#...######...# #..)..#
###.## .. #. #.# #..#
....#.##.## ##.#
_.......ho## #.#
....#....@.## #.# ?
#.##....#####)#
#.##.......##รท###
#...............#####
......#####............#
##.... ##.##..##..###
#### #.#........##
#...........#
#...........#


You could see an orc wizard and a friendly hound.

Vanquished Creatures
  Crazy Yiuf (D:2)
  Terence (D:2)
  2 worms (D:2)
  An orc (D:3)
  A ball python (D:2)
  A giant cockroach (D:2)
  A goblin (D:2)
  3 hobgoblins
  2 kobolds
  2 bats (D:2)
  2 frilled lizards (D:2)
  3 rats
20 creatures vanquished.

Vanquished Creatures (collateral kills)
  3 gnolls (D:2)
  A worm (D:2)
  A dart slug (D:2)
  A leopard gecko (D:1)
  2 orcs (D:3)
  2 giant cockroaches (D:1)
  3 goblins
  3 hobgoblins
  4 jackals
  2 kobolds (D:1)
  A bat (D:1)
  2 frilled lizards
  2 rats
27 creatures vanquished.

Grand Total: 47 creatures vanquished

Notes
Turn   | Place    | Note
-------+----------+-------------------------------------------
     0 | D:1      | komo4ek the Barachi Summoner began the quest for the Orb.
     0 | D:1      | Reached XP level 1. HP: 13/13 MP: 3/3
    76 | D:1      | Reached skill level 5 in Summonings
   441 | D:1      | Reached XP level 2. HP: 19/19 MP: 3/5
  1523 | D:2      | Reached skill level 6 in Summonings
  1523 | D:2      | Reached XP level 3. HP: 15/24 MP: 1/6
  1768 | D:2      | Learned a level 3 spell: Call Canine Familiar
  1840 | D:2      | Found a radiant altar of Vehumet.
  2263 | D:2      | Found a runed door.
  2267 | D:2      | Noticed Crazy Yiuf
  2277 | D:2      | Killed Crazy Yiuf
  2277 | D:2      | Reached XP level 4. HP: 30/30 MP: 1/7
  2378 | D:2      | Noticed Terence
  2391 | D:2      | Killed Terence
  2391 | D:2      | Reached skill level 7 in Summonings
  2858 | D:3      | Found a hide-covered altar of Uskayaw.
  2872 | D:3      | Killed from afar by an orc wizard

Skill      XL: |  1  2  3  4 |
---------------+-------------+-----
Summonings     | 5 6 7 |  7.2
Dodging        | |  2.1
Stealth        | |  1.7
Spellcasting   | |  2.1

Action                   |  1- 3 |  4- 6 || total
-------------------------+-------+-------++-------
Melee: Spear             |    39 |       ||    39
       Unarmed           |     3 |       ||     3
       Club              |     2 |       ||     2
       Halberd           |    24 |    24 ||    48
 Cast: Summon Small Mamm |    42 |       ||    42
       Call Canine Famil |     7 |     4 ||    11
 Abil: Hop               |     2 |       ||     2
  Use: Potion            |       |     1 ||     1
 Stab: Sleeping          |     4 |       ||     4
       Distracted        |       |     1 ||     1
  Eat: Chunk             |     6 |     3 ||     9
Armor: Robe              |    11 |     3 ||    14
Dodge: Dodged            |    37 |    11 ||    48
